 Dungeon Crawl Stone Soup version 0.23.0 (webtiles) character file.

Game seed: 3192215577443473699

81 Tiagovsky the Charmwright (level 4, -3/35 HPs)
             Began as a Barachi Skald on Feb 10, 2019.
             Slain by Crazy Yiuf
             ... wielding a +4 quarterstaff of chaos
              (11 damage)
             ... on level 2 of the Dungeon.
             The game lasted 00:08:29 (2358 turns).

Tiagovsky the Charmwright (Barachi Skald)           Turns: 2358, Time: 00:08:30

Health: -3/35      AC:  6    Str: 14    XL:     4   Next: 40%
Magic:  5/8        EV: 11    Int: 13    God:
Gold:   70         SH:  0    Dex: 11    Spells: 5/8 levels left

rFire    . . .     SeeInvis .   a - +0 falchion
rCold    . . .     Gourm    .   (no shield)
rNeg     . . .     Faith    .   i - +0 ring mail
rPois    .         Spirit   .   (no helmet)
rElec    .         Reflect  .   c - +0 cloak
rCorr    .         Harm     .   (no gloves)
MR       .....                  (no boots)
Stlth    +.........             (no amulet)
HPRegen  0.11/turn              (no ring)
MPRegen  0.11/turn              (no ring)

@: lethally poisoned (-3 -> -8), infused (expiring), slow
A: +LOS, swims, slowness 1, strong legs 1
a: Hop


You were on level 2 of the Dungeon.
You were hungry.

You visited 1 branch of the dungeon, and saw 2 of its levels.

You collected 70 gold pieces.

Inventory:

Hand Weapons
 a - a +0 falchion (weapon)
Missiles
 g - 119 stones (quivered)
Armour
 b - a +0 leather armour
 c - a +0 cloak (worn)
 i - a +0 ring mail (worn)
Scrolls
 e - a scroll of enchant weapon {unknown}
 h - 2 scrolls of enchant armour {unknown}
 k - a scroll of amnesia {unknown}
 l - 2 scrolls of immolation {unknown}
 m - a scroll of identify {unknown}
 n - a scroll of remove curse {unknown}
 p - a scroll of fear {unknown}
Potions
 j - a potion of ambrosia {unknown}
 o - a potion of brilliance {unknown}
 q - a potion of resistance {unknown}
 r - 2 potions of mutation {unknown}
Comestibles
 d - 6 rations


   Skills:
 + Level 3.0 Fighting
 + Level 3.1 Long Blades
 - Level 2.1 Armour
 + Level 3.0 Dodging
 + Level 2.7 Spellcasting
 + Level 3.7 Charms


You had 5 spell levels left.
You knew the following spells:

 Your Spells              Type           Power        Failure   Level  Hunger
a - Infusion              Chrm           ##..         10%         1    #......
b - Song of Slaying       Chrm           ##......     16%         2    ###....

Your spell library contained the following spells:

 Spells                   Type           Power        Failure   Level  Hunger
 Shroud of Golubria       Chrm/Tloc      #.........   32%         2    ###....
 Regeneration             Chrm/Necr      #.........   54%         3    ###....
 Spectral Weapon          Hex/Chrm       #.......     54%         3    ###....


Dungeon Overview and Level Annotations

Branches:
Dungeon (2/15)

Altars:
Sif Muna

Annotations:
D:2 Crazy Yiuf


Innate Abilities, Weirdness & Mutations

Shadows flee at your approach. (+LOS)
You can swim through water.
You cover ground slowly.
You can hop short distances.


Message History

Crazy Yiuf is moderately wounded.
You feel sick. Crazy Yiuf closely misses you.
You hit Crazy Yiuf.
Crazy Yiuf is heavily wounded.
Your magical infusion is running out.
You feel sick. Crazy Yiuf closely misses you.
Your ring mail prevents you from hitting Crazy Yiuf.
Crazy Yiuf is heavily wounded.
You feel sick.
Crazy Yiuf hits you with a +4 quarterstaff of chaos!
You are electrocuted!
* * * LOW HITPOINT WARNING * * *
You hit Crazy Yiuf.
Crazy Yiuf is severely wounded.
Crazy Yiuf closely misses you.
You hit Crazy Yiuf but do no damage.
Crazy Yiuf is severely wounded.
You feel sick.
Crazy Yiuf hits you with a +4 quarterstaff of chaos!
You die...

#
######..........#
#
#......#.########
###.######.#
#...# ### #####
..### #..)# ###
#...# ### ...
..########## #g#
...........# ♣♣@♣
.>########.# ♣.♣♣
..# #.# ♣♣.♣ ###
#.# ♣.♣♣ #.#
♣♣.♣♣ #.# ♣...♣♣
#.# ♣PP..♣ #.#
#....# #.###....#


You could see Crazy Yiuf.

Vanquished Creatures
  2 adders
  2 worms (D:2)
  4 dart slugs
  A leopard gecko (D:1)
  6 giant cockroaches
  2 goblins (D:2)
  7 hobgoblins
  8 kobolds
  A ball python (D:1)
  6 bats (D:1)
  3 frilled lizards
  7 rats (D:1)
49 creatures vanquished.

Vanquished Creatures (others)
  A bat (D:1)
1 creature vanquished.

Grand Total: 50 creatures vanquished

Notes
Turn   | Place    | Note
-------+----------+-------------------------------------------
     0 | D:1      | Tiagovsky the Barachi Skald began the quest for the Orb.
     0 | D:1      | Reached XP level 1. HP: 17/17 MP: 3/3
   102 | D:1      | Reached XP level 2. HP: 9/23 MP: 5/5
   771 | D:1      | Reached XP level 3. HP: 28/28 MP: 3/6
  1579 | D:2      | Reached XP level 4. HP: 23/34 MP: 7/7
  1832 | D:2      | Found a runed translucent door.
  1833 | D:2      | Noticed Crazy Yiuf
  1905 | D:2      | Learned a level 2 spell: Song of Slaying
  2280 | D:2      | Found a deep blue altar of Sif Muna.
  2358 | D:2      | Slain by Crazy Yiuf

Skill      XL: |  1  2  3  4 |
---------------+-------------+-----
Long Blades    | 3 |  3.1
Armour         | 2 |  2.1
Fighting       | 3 |  3.0
Dodging        | 3 |  3.0
Spellcasting   | |  2.7
Charms         | |  3.7

Action                   |  1- 3 |  4- 6 || total
-------------------------+-------+-------++-------
Melee: Falchion          |   101 |    44 ||   145
Throw: Stone             |    43 |     5 ||    48
 Cast: Infusion          |     2 |     2 ||     4
  Eat: Chunk             |     3 |     2 ||     5
Armor: Leather armour    |     5 |       ||     5
       Ring mail         |    47 |    18 ||    65
Dodge: Dodged            |    89 |    33 ||   122
       Rpst.: Falchion   |    27 |    14 ||    41
